 Dungeon Crawl Stone Soup version 0.18.1-8-gdd0e5ea (webtiles) character file.

574533 Liquid the Hoplite (level 27, -7/182 HPs)
             Began as a Formicid Abyssal Knight on May 31, 2016.
             Was a High Priest of Lugonu.
             Killed by divine providence
             ... invoked by a smoke demon
              (15 damage)
             ... on level 5 of the Abyss.
             The game lasted 03:49:55 (56496 turns).

Liquid the Hoplite (Formicid Abyssal Knight)       Turns: 56496, Time: 03:49:56

Health: -7/182     AC: 46    Str: 26    XL:     27
Magic:  24/25      EV: 24    Int: 10    God:    Lugonu [*****.]
Gold:   2520       SH: 29    Dex: 26    Spells: 1 memorised, 25 levels left

rFire  + + .     SeeInvis +     V - +9 lajatang (elec)
rCold  + + .     Gourm    .     p - +12 gold dragon armour
rNeg   + . .     Faith    .     u - +1 large shield {reflect}
rPois  +         Spirit   .     (helmet unavailable)
rElec  +         Dismiss  .     L - +2 cloak of Starlight {rElec rC+ EV+4 Stlth--}
rCorr  .         Reflect  +     W - +1 pair of gloves of Inviolability {rPois Str+5}
SustAt +         Harm     .     a - +2 pair of boots of the Assassin {DetectMon Stab+ Stlth++}
MR     +....     Clarity  +     m - amulet of regeneration
Stlth  ..........               N - ring of Hurruuse {rN+ MR- AC+5 Dex+5 Slay+4}
                                b - ring of Ighioss {SustAt rF+ Str+4 Dex+2}

@: flying (expiring), non-regenerating, badly diseased, somewhat resistant to
hostile enchantments, extremely unstealthy
A: permanent stasis, dig shafts and tunnels, four strong arms, antennae 3,
hooves 1, large bone plates 1, thin skeletal structure 2, blurry vision 2,
clarity, clumsy 1, deformed body, deterioration 2, dopey 2, frail 2, low mp 3,
mutation resistance 1, screaming 3, slow regeneration 2, weak 2, no device heal
2, subdued magic 1, MP-powered wands
a: Dig, Shaft Self, Depart the Abyss, Bend Space, Banish, Corrupt, Enter the
Abyss, Renounce Religion
}: 3/15 runes: decaying, serpentine, silver


You were on level 5 of the Abyss.
You worshipped Lugonu.
Lugonu was extremely pleased with you.
You were full.

You visited 10 branches of the dungeon, and saw 53 of its levels.
You visited the Abyss 3 times.
You also visited: Labyrinth, Trove, Ossuary and Ice Cave.

You collected 7891 gold pieces.
You spent 5062 gold pieces at shops.

Inventory:

Hand Weapons
 o - a cursed +7 quarterstaff of speed
 A - a +3 lajatang of distortion
 V - a +9 lajatang of electrocution (weapon)
Armour
 a - the +2 pair of boots of the Assassin (worn) {DetectMon Stab+ Stlth++}
   (You found it on level 1 of the Elven Halls)

   It makes you much more stealthy.
 p - a +12 gold dragon armour (worn)
 u - a +1 large shield of reflection (worn)
 L - the +2 cloak of Starlight (worn) {rElec rC+ EV+4 Stlth--}
   (You acquired it on level 3 of the Lair of Beasts)

   It affects your evasion (+4).
   It protects you from cold.
   It insulates you from electricity.
   It makes you much less stealthy.
 W - the +1 pair of gloves of Inviolability (worn) {rPois Str+5}
   (You acquired it on level 3 of the Elven Halls)

   It affects your strength (+5).
   It protects you from poison.
Jewellery
 b - the ring of Ighioss (left hand) {SustAt rF+ Str+4 Dex+2}
   (You took it off an orc on level 12 of the Dungeon)

   [ring of sustain attributes]

   It sustains your strength, intelligence and dexterity.
   It affects your strength (+4).
   It affects your dexterity (+2).
   It protects you from fire.
 j - the ring "Utotuit" {+Blink rC+ Str-5 Int+3 Dex+4}
   (You found it on level 3 of the Elven Halls)

   [ring of dexterity]

   It affects your strength (-5).
   It affects your intelligence (+3).
   It affects your dexterity (+4).
   It protects you from cold.
   It lets you blink.
 l - the ring of Itziudaj {Fire rElec rPois Int+4 Slay-5}
   (You took it off a minotaur in a labyrinth)

   [ring of fire]

   It enhances your fire magic, and weakens your ice magic.
   It affects your intelligence (+4).
   It affects your accuracy and damage with ranged weapons and melee attacks
   (-5).
   It protects you from fire.
   It makes you vulnerable to cold.
   It insulates you from electricity.
   It protects you from poison.
 m - an amulet of regeneration (around neck)
 n - an uncursed ring of positive energy
 N - the ring of Hurruuse (right hand) {rN+ MR- AC+5 Dex+5 Slay+4}
   (You took it off a vault sentinel on level 5 of the Vaults)

   [ring of protection]

   It affects your AC (+5).
   It affects your dexterity (+5).
   It affects your accuracy and damage with ranged weapons and melee attacks
   (+4).
   It protects you from negative energy.
   It affects your resistance to hostile enchantments.
 Q - the ring of Pride {rF+ rN+ Int+6 Dex-2 Stlth+}
   (You acquired it on level 2 of the Depths)

   [ring of positive energy]

   It affects your intelligence (+6).
   It affects your dexterity (-2).
   It protects you from fire.
   It protects you from negative energy.
   It makes you more stealthy.
Scrolls
 h - 6 scrolls of fear
 q - 14 scrolls of identify
 t - 2 scrolls of summoning
 B - 6 scrolls of magic mapping
 C - 21 scrolls of remove curse
 D - 11 scrolls of amnesia
 F - 6 scrolls of enchant weapon
 M - 7 scrolls of fog
 O - 7 scrolls of recharging
 Y - 7 scrolls of immolation
Potions
 d - 17 potions of curing
 e - a potion of invisibility
 f - a potion of magic
 i - 7 potions of flight
 r - 3 potions of might
 s - a potion of heal wounds
 v - a potion of ambrosia
 w - a potion of resistance
 x - 6 potions of agility
 z - 8 potions of brilliance
 J - 2 potions of cancellation
 P - 5 potions of cure mutation
Miscellaneous
 y - a box of beasts {used: 1}
 H - an ornate deck of summoning {drawn: 4}
 K - a phial of floods
Comestibles
 c - 25 bread rations
 g - 2 fruits
 k - 23 meat rations


   Skills:
 * Level 21.2 Fighting
   Level 3.9(15.0) Polearms
 * Level 21.4(21.5) Staves
 * Level 20.1 Armour
 * Level 17.0 Dodging
 * Level 23.0 Shields
 + Level 19.1 Invocations


You had 25 spell levels left.
You knew the following spells:

 Your Spells              Type           Power        Failure   Level  Hunger
a - Summon Butterflies    Summ           #.......     100%        1    ##.....


Dungeon Overview and Level Annotations

Branches:
Dungeon (15/15)            Temple (1/1) D:6            Lair (8/8) D:8
  Swamp (4/4) Lair:5        Snake (4/4) Lair:3        Slime (6/6) Lair:8
    Orc (2/2) D:11            Elf (3/3) Orc:2        Vaults (5/5) D:13
  Crypt (0/3) Vaults:2     Depths (5/5) D:15            Zot (0/5) Depths:5

Altars:
Ashenzari
Makhleb
Yredelemnul
Beogh
Jiyva

Shops:
D:4 ![%:!   D:12 ?   D:13 [   D:14 (   Orc:1 [?(   Orc:2 *(((   Elf:1 *
Snake:1 *   Snake:4 ?   Vaults:1 (   Vaults:2 ??!   Vaults:4 :

Portals:
Hell: Lair:8 Depths:1 Depths:2 Depths:3 Depths:4 Depths:5
Abyss: Depths:4
Pandemonium: Depths:3
Ziggurat: Depths:5

Annotations:
Snake:1 corrupted
Slime:6 corrupted, Royal Jelly
Elf:3 corrupted
Vaults:5 corrupted


Innate Abilities, Weirdness & Mutations

You are under a permanent stasis effect.
You can dig through walls and to a lower floor.
Your four strong arms can wield two-handed weapons with a shield.
You have a pair of large antennae on your head (SInv).
You have large cloven feet.
You are partially covered in large bone plates (AC +2, SH +2).
You have a moderately thin skeletal structure (Dex +4, Stealth+).
You possess an exceptional clarity of mind.
You are clumsy. (Dex -2)
You are somewhat resistant to further mutation.
You expend magic power (3 MP) to strengthen your wands.
[Scrolls take you longer to read.]
[Armour fits poorly on your strangely shaped body.]
[Your body often deteriorates upon taking damage.]
[You are very dopey. (Int -4)]
[You are very frail (-20% HP).]
[Your magical capacity is extremely low (-30% MP).]
[You frequently scream uncontrollably at your foes.]
[You do not regenerate naturally when monsters are visible.]
[You are very weak. (Str -4)]
[Potions and wands are poor at restoring your health.]
[Your spells are a little easier to cast, but a little less powerful.]


Message History

The spatial maelstrom hits you but does no damage.
You feel ill.
You block the thrashing horror's attack.
The thrashing horror completely misses you.
You block the spatial maelstrom's attack. x2
The siren chants a haunting song.
You are unaffected.
The spatial maelstrom completely misses you.
The spatial maelstrom hits you.
* * * LOW HITPOINT WARNING * * *
The wretched star pulses with an eldritch light!
The smoke demon twists and deforms.
The merfolk twists and deforms.
The raiju twists and deforms.
The smoke demon twists and deforms.
The great orb of eyes twists and deforms.
The siren twists and deforms.
The spatial maelstrom hits you but does no damage.
The spatial maelstrom completely misses you.
The smoke demon gestures at you. Something smites you!
You die...

#### ## .# ####### ##
..## ###...# ###...# .
.#####.φ..####.... # #
###......###...##{ { ≈.
####......##..###v #.
≈..######....v.#.... ..##
≈..#######.v@......# v. .
≈.h#######vvXv....##
{...#.
≈..######**3vv......v
.Z#v
≈....F.hXm.v.x....#.v{{.
≈......Xx3XvD.....# . #
≈≈≈≈♣≈≈G♣≈x≈≈≈≈≈..#..#
#.. ≈≈≈≈≈≈≈≈≈≈≈x≈≈♣x#.#.#
#.# .#
≈≈≈≈≈≈≈≈≈≈m≈≈≈≈X#..#. ...
≈≈≈≈≈≈≈≈≈≈≈≈≈≈≈≈..##..Z..
.


You could see a bone dragon, 2 tentacled starspawn, 5 spatial maelstroms, 2
wretched stars, a great orb of eyes, a merfolk, 4 spatial vortices, 2 ancient
zymes, a thrashing horror, 2 large abominations, a siren, a worldbinder, a spiny
frog, 2 smoke demons, a raiju and 2 small abominations.

Vanquished Creatures
  An ancient lich (Vaults:5)
  Sojobo (Depths:5)
  Margery (Depths:5)
  the Lernaean hydra (Swamp:3)
  Norris (Snake:2)
  Saint Roka (Depths:4)
  A golden dragon (Vaults:5)
  Jory (Depths:5)
  Xtahua (Depths:4)
  A tentacled monstrosity (Vaults:5)
  7 liches
  Rupert (Lair:8)
  Jorgrun (Swamp:2)
  Asterion (Snake:4)
  6 titans (Vaults:5)
  Frances (Snake:2)
  19 acid blobs
  3 deep elf blademasters
  An Executioner (Abyss:2)
  2 thorn hunters
  5 sphinxes
  Agnes (D:14)
  11 tengu reavers
  7 tentacled starspawn
  3 shadow dragons
  5 storm dragons
  Roxanne (Elf:3)
  14 greater nagas
  14 azure jellies
  A draconian knight (Depths:5)
  12 frost giants
  11 vault wardens
  A daeva (Abyss:2)
  8 fire giants
  A balrug (Abyss:2)
  2 deep elf sorcerers
  3 iron dragons
  2 cacodemons
  An orc warlord (Orc:1)
  3 deep elf elementalists (Elf:3)
  12 stone giants
  An angel (Abyss:5)
  Aizul (Snake:3)
  7 ironheart preservers
  A reaper (Abyss:5)
  3 war gargoyles
  13 very ugly things
  44 starcursed masses
  5 vampire knights
  A green draconian (Abyss:2)
  3 deep elf annihilators
  2 black draconians (Depths:5)
  5 deep elf demonologists
  2 lorocyprocas
  Azrael (Elf:1)
  3 purple draconians (Depths:5)
  A salamander stormcaller (Vaults:3)
  3 dire elephants
  A yellow draconian (Depths:5)
  13 ettins
  Snorg (Lair:7)
  A merfolk javelineer (Depths:5)
  2 red draconians (Depths:5)
  4 death oozes
  4 blizzard demons
  An eidolon (Abyss:5)
  26 vault guards (Vaults:5)
  An ettin (shapeshifter) (Vaults:4)
  A green death (Abyss:2)
  4 deep elf death magi
  A minotaur (Lab)
  9 fire dragons
  12 great orbs of eyes
  3 deep elf high priests
  15 ice dragons
  9 yaktaur captains
  3 jiangshi (Depths:5)
  13 naga warriors
  40 hydras
  3 entropy weavers
  6 rakshasas
  2 ghost crabs
  4 alligators
  11 centaur warriors
  12 ogre magi
  A hell beast (Lair:8)
  Erica (D:8)
  2 death knights
  20 anacondas
  23 dancing weapons
  6 deep troll shamans
  5 deep troll earth magi
  11 tengu warriors
  An anaconda (shapeshifter) (D:15)
  An orc high priest (Orc:2)
  11 naga sharpshooters
  14 thrashing horrors
  3 spriggan berserkers
  2 vampire magi
  Urug (D:11)
  10 shock serpents
  19 deep elf knights
  A fire crab (shapeshifter) (Vaults:1)
  2 sun demons (Abyss:2)
  Sonja (D:11)
  The ghost of Thrillho the Destroyer, a novice GrFE of Vehumet (IceCv)
  2 fire crabs (Vaults:1)
  A storm dragon zombie (Depths:3)
  3 hell knights (Depths:5)
  A storm dragon skeleton (Vaults:2)
  10 skeletal warriors
  6 iron trolls
  2 shadow wraiths
  A golden dragon zombie (Depths:3)
  10 salamander mystics
  A shadow demon (Abyss:5)
  9 wretched stars
  2 unseen horrors
  7 spatial maelstroms
  4 shambling mangroves
  An unseen horror (shapeshifter) (Vaults:4)
  9 giant orange brains
  28 deep trolls
  6 flayed ghosts
  10 swamp dragons
  19 deep elf archers
  5 lindwurms
  7 hill giants
  7 ironbrand convokers
  14 naga ritualists
  8 harpies
  19 orc knights
  22 mana vipers
  3 necromancers
  4 wizards
  2 oklob plants (Lair:2)
  15 griffons
  6 phantasmal warriors
  A wolf spider zombie (D:15)
  6 cyclopes
  A manticore (shapeshifter) (Vaults:3)
  4 orc sorcerers
  6 wolf spiders
  70 deep elf magi
  43 ugly things
  7 hornets
  A shining eye (Depths:5)
  8 manticores
  18 salamanders
  2 frost giant skeletons (Vaults:2)
  3 worldbinders
  A stone giant skeleton (Vaults:2)
  An iron dragon skeleton (Abyss:1)
  5 elephants (Lair:6)
  3 sixfirhies
  15 vault sentinels
  A guardian serpent (shapeshifter) (Abyss:2)
  A sphinx skeleton (Vaults:2)
  44 black mambas
  7 eyes of devastation
  7 guardian serpents
  A black mamba (shapeshifter) (Vaults:3)
  2 gargoyles
  A fire giant skeleton (Vaults:2)
  An ice statue (IceCv)
  18 spiny frogs
  26 naga magi
  2 apocalypse crabs
  A molten gargoyle (Depths:2)
  5 smoke demons
  3 kobold demonologists
  2 spiny frogs (shapeshifter)
  A hellion (Depths:2)
  5 orange demons
  3 centaur skeletons
  4 rime drakes
  9 freezing wraiths
  44 yaktaurs
  A demonic crawler (Abyss:2)
  7 komodo dragons
  8 ice devils
  An efreet (Abyss:2)
  4 anaconda simulacra (IceCv)
  15 ancient zymes
  8 trolls
  7 human skeletons (Vaults:2)
  A yaktaur skeleton (Vaults:2)
  7 hellwings
  8 red devils
  A jumping spider (shapeshifter) (Vaults:2)
  A polar bear (shapeshifter) (Vaults:4)
  A merfolk (D:9)
  3 polar bears
  3 giant leeches
  19 two-headed ogres
  21 blink frogs
  A wolf spider simulacrum (IceCv)
  14 raiju
  84 slime creatures
  A tengu simulacrum (Depths:3)
  A queen bee (Lair:5)
  A jumping spider (Depths:3)
  A hornet zombie (D:14)
  14 bog bodies
  A fire giant simulacrum (Vaults:1)
  2 flying skulls (Abyss:2)
  4 spriggans
  A frost giant simulacrum (Depths:3)
  6 redbacks
  5 boulder beetles
  7 air elementals
  12 water elementals
  2 vampires (Abyss:5)
  3 ynoxinuls
  5 shadows
  A tarantella (shapeshifter) (Vaults:5)
  51 yaks
  Sigmund (D:6)
  A spriggan (shapeshifter) (Vaults:4)
  7 wyverns
  2 dire elephant simulacra (IceCv)
  15 hippogriffs
  2 neqoxecs
  4 hungry ghosts
  5 chaos spawn (Abyss:5)
  3 wraiths
  2 basilisks
  7 fire elementals
  4 fire bats (Depths:2)
  A golden eye (Slime:5)
  A death yak simulacrum (IceCv)
  A mottled dragon (shapeshifter) (Vaults:4)
  28 vampire mosquitoes
  4 mottled dragons
  An iron troll simulacrum (IceCv)
  5 wargs
  Edmund (D:6)
  12 swamp worms
  5 insubstantial wisps (Swamp:4)
  6 harpy simulacra (IceCv)
  39 nagas
  A soldier ant (D:12)
  7 hell hounds
  2 spatial vortices (Abyss:5)
  A hydra simulacrum (IceCv)
  2 giant eyeballs (Depths:5)
  11 porcupines
  21 water moccasins
  30 large abominations
  71 orc warriors
  6 ice beasts
  An alligator simulacrum (IceCv)
  4 sky beasts
  2 eyes of draining (shapeshifter)
  2 phantoms
  12 swamp drakes
  14 wasps
  2 black bears
  5 eyes of draining
  5 wolves (Lair:8)
  3 boggarts (Depths:2)
  An ettin simulacrum (IceCv)
  38 ogres
  17 crocodiles
  25 centaurs
  8 big kobolds
  16 giant frogs
  Blork the orc (D:6)
  A wyvern zombie (D:14)
  7 earth elementals
  2 human simulacra
  5 scorpions
  An orc simulacrum (Vaults:1)
  An elephant simulacrum (IceCv)
  27 killer bees
  17 jellies
  7 howler monkeys
  3 wights (D:15)
  2 electric eels
  12 centaur zombies
  4 lava snakes (Snake:3)
  9 crimson imps
  5 draconian simulacra (IceCv)
  2 quasits
  A giant frog skeleton (D:9)
  8 hounds
  A human zombie (Ossuary)
  17 orc priests
  3 iron imps (Abyss:2)
  28 orc wizards
  Crazy Yiuf (D:3)
  11 iguanas
  7 hell rats (Lair:7)
  14 worker ants
  A polar bear simulacrum (IceCv)
  A spriggan simulacrum (IceCv)
  3 troll simulacra (IceCv)
  11 small abominations
  A killer bee zombie (D:8)
  15 sheep
  2 ogre zombies (Ossuary)
  A hound zombie (D:11)
  A hound skeleton (D:10)
  7 mummies (Ossuary)
  A howler monkey zombie (D:7)
  7 gnolls
  3 naga simulacra (IceCv)
  An ogre simulacrum (IceCv)
  17 adders
  63 river rats
  3 shadow imps
  22 white imps
  9 ufetubi
  3 adder zombies
  5 worms
  A dart slug (D:3)
  4 giant geckos
  136 orcs
  A ball python (shapeshifter) (Depths:4)
  5 ball pythons
  17 bats
  6 giant cockroaches
  6 goblins
  12 hobgoblins
  8 jackals
  5 quokkas
  A giant gecko skeleton (D:5)
  6 giant newts
  6 goblin zombies (Ossuary)
  A jackal skeleton (D:4)
  26 kobolds
  6 kobold zombies (Ossuary)
  An orc zombie (Ossuary)
  2 quokka skeletons
  4 quokka zombies (Ossuary)
  15 rats
  5 rat zombies (Ossuary)
  4 briar patches (Swamp:3)
  2 fungi
  A plant (Lair:5)
2683 creatures vanquished.

Vanquished Creatures (collateral kills)
  An acid blob (Slime:6)
  A tengu reaver (Depths:4)
  A naga warrior (Snake:4)
  A naga mage (Snake:4)
4 creatures vanquished.

Vanquished Creatures (others)
  Mara (Vaults:5)
  Frederick (Vaults:5)
  A tentacled monstrosity (Vaults:5)
  2 deep elf master archers (Elf:3)
  A titan (Vaults:5)
  A tengu reaver (Vaults:4)
  A shadow dragon (Vaults:5)
  An azure jelly (Slime:6)
  A fire giant (Vaults:5)
  A frost giant (Vaults:5)
  A vault warden (Vaults:5)
  A deep elf elementalist (Elf:3)
  A draconian zealot (Depths:5)
  3 deep elf sorcerers
  A stone giant (Vaults:5)
  4 deep elf annihilators (Elf:3)
  2 deep elf demonologists (Elf:3)
  A fire dragon (D:12)
  A deep elf high priest (Elf:3)
  2 deep elf death magi (Elf:3)
  2 yaktaur captains
  2 centaur warriors (Vaults:1)
  A small abomination (Elf:3)
  A dancing weapon (Elf:3)
  A shock serpent (Snake:1)
  2 naga sharpshooters (Snake:4)
  2 deep elf archers
  4 deep elf magi (Elf:3)
  A shining eye (Slime:6)
  2 mana vipers (Snake:1)
  A rust devil (Depths:3)
  A spiny frog (Swamp:1)
  A merfolk (Depths:4)
  16 yaktaurs
  2 two-headed ogres (Vaults:5)
  2 blink frogs
  A water elemental (Depths:5)
  A vampire mosquito (Swamp:4)
  A naga (Snake:1)
  A swamp drake (Swamp:4)
  An eye of draining (Slime:6)
  A centaur (Orc:2)
  5 ogres
  An orc priest (Vaults:5)
  A jelly (Slime:6)
  An ufetubus (IceCv)
  An orc (Orc:2)
  A briar patch (Swamp:3)
  A bush (Lair:8)
  A crawling corpse (Elf:3)
  A fire vortex (Abyss:5)
  34 fungi
  A lurking horror (Abyss:5)
  31 plants
  35 starspawn tentacles
  335 starspawn tentacle segments
524 creatures vanquished.

Grand Total: 3211 creatures vanquished

Notes
Turn   | Place    | Note
--------------------------------------------------------------
     0 | Abyss:1  | Liquid the Formicid Abyssal Knight began the quest for the Orb.
     0 | Abyss:1  | Reached XP level 1. HP: 18/18 MP: 2/2
    28 | Abyss:1  | Noticed a large abomination
    28 | Abyss:1  | Noticed a small abomination
    96 | Abyss:2  | Noticed a hellwing
   127 | Abyss:2  | Noticed a small abomination
   130 | Abyss:2  | Noticed a smoke demon
   132 | Abyss:2  | Noticed an orange demon
   134 | D:1      | Escaped the Abyss
   221 | D:1      | Reached XP level 2. HP: 20/24 MP: 3/3
   256 | D:1      | Reached skill level 1 in Dodging
   426 | D:1      | Reached * piety under Lugonu
   605 | D:1      | Reached XP level 3. HP: 25/29 MP: 2/4
  1084 | D:2      | Reached ** piety under Lugonu
  1084 | D:2      | Reached XP level 4. HP: 31/37 MP: 3/5
  1812 | D:3      | Reached XP level 5. HP: 37/42 MP: 6/6
  1988 | D:3      | Noticed Crazy Yiuf
  1995 | D:3      | Killed Crazy Yiuf
  2250 | D:4      | Reached skill level 1 in Staves
  2262 | D:4      | Reached *** piety under Lugonu
  2262 | D:4      | Reached XP level 6. HP: 36/48 MP: 5/7
  2403 | D:4      | Found Maxtap's Distillery.
  2406 | D:4      | Bought a potion of might for 48 gold pieces
  2406 | D:4      | Bought a potion of agility for 48 gold pieces
  2455 | D:4      | Found Taop's Food Boutique.
  2459 | D:4      | Found Dukhlaf's Antique Armour Emporium.
  2546 | D:4      | Found Loelorr's Distillery.
  2581 | D:4      | Found Ostraac's Book Shop.
  2876 | D:5      | Entered Level 5 of the Dungeon
  3084 | D:5      | Found a sand-covered staircase.
  3385 | Ossuary  | Entered an ossuary
  3444 | Ossuary  | Reached XP level 7. HP: 43/55 MP: 5/9
  4085 | Ossuary  | Reached **** piety under Lugonu
  4117 | Ossuary  | Reached skill level 5 in Fighting
  4123 | Ossuary  | Gained mutation: [Your spells are a little easier to cast, but a little less powerful.] [potion of mutation]
  4123 | Ossuary  | Gained mutation: [Your body sometimes deteriorates upon taking damage.] [potion of mutation]
  4124 | Ossuary  | Lost mutation: [Your spells are a little easier to cast, but a little less powerful.] [potion of cure mutation]
  4124 | Ossuary  | Lost mutation: [Your body sometimes deteriorates upon taking damage.] [potion of cure mutation]
  4175 | D:5      | Reached XP level 8. HP: 57/62 MP: 8/10
  4783 | D:6      | Identified a scroll of acquirement
  4799 | D:6      | Noticed Sigmund
  4802 | D:6      | Noticed Blork the orc
  4808 | D:6      | Killed Sigmund
  4808 | D:6      | Reached skill level 5 in Staves
  4810 | D:6      | Killed Blork the orc
  4936 | D:6      | Noticed Edmund
  4942 | D:6      | Killed Edmund
  4942 | D:6      | Reached skill level 5 in Armour
  4956 | D:6      | Gained mutation: You have a somewhat thin skeletal structure (Dex +2, Stealth). [potion of mutation]
  4956 | D:6      | Gained mutation: You are somewhat resistant to further mutation. [potion of mutation]
  4956 | D:6      | Gained mutation: You are partially covered in large bone plates (AC +2, SH +2). [potion of mutation]
  4957 | D:6      | Gained mutation: You possess an exceptional clarity of mind. [potion of mutation]
  4998 | D:6      | Reached XP level 9. HP: 41/69 MP: 6/12
  5082 | D:6      | Reached skill level 5 in Invocations
  5085 | D:6      | Found a staircase to the Ecumenical Temple.
  5094 | Temple   | Entered the Ecumenical Temple
  5746 | D:7      | Got a fine leather armour
  5758 | D:7      | Identified the +1 leather armour of the Black Moon {rPois Str+4 Slay-3} (You found it on level 7 of the Dungeon)
  5998 | D:7      | Reached ***** piety under Lugonu
  6110 | D:4      | Bought a transparent shield for 266 gold pieces
  6116 | D:4      | Identified the cursed +0 shield "Asakk" {*Corrode rElec MR+} (You bought it in a shop on level 4 of the Dungeon)
  6266 | D:7      | Reached skill level 1 in Shields
  6271 | D:7      | Gained mutation: You have large cloven feet. [mutagenic meat]
  6548 | D:7      | Got a bloodstained dagger
  7080 | D:8      | Reached skill level 2 in Shields
  7089 | D:8      | Noticed Erica
  7112 | D:8      | Killed Erica
  7112 | D:8      | Reached skill level 3 in Shields
  7112 | D:8      | Reached XP level 10. HP: 64/79 MP: 11/15
  7118 | D:8      | Gained mutation: You have a moderately thin skeletal structure (Dex +4, Stealth+). [potion of mutation]
  7262 | D:8      | Found a staircase to the Lair.
  7375 | D:8      | Reached skill level 4 in Shields
  7556 | D:8      | Found a shattered altar of Ashenzari.
  8110 | D:9      | Found a basalt altar of Yredelemnul.
  8110 | D:9      | Found a shattered altar of Ashenzari.
  8161 | D:9      | Reached skill level 5 in Shields
  8399 | D:9      | Reached XP level 11. HP: 82/87 MP: 15/17
  8679 | D:10     | Entered Level 10 of the Dungeon
  8705 | D:10     | Noticed an unseen horror
  8729 | D:10     | Killed an unseen horror
  8777 | D:10     | Reached skill level 6 in Shields
  8955 | D:10     | Noticed a cyclops
  8968 | D:10     | Found a runed door.
  8976 | D:10     | Killed a cyclops
  8976 | D:10     | Reached skill level 10 in Staves
  9577 | D:10     | Found a roughly hewn altar of Beogh.
  9821 | D:11     | Found a staircase to the Orcish Mines.
  9925 | D:11     | Noticed Sonja
 10143 | D:11     | Noticed a sixfirhy
 10226 | D:11     | Noticed Urug
 10233 | D:11     | Killed Urug
 10233 | D:11     | Reached skill level 7 in Shields
 10290 | D:11     | Reached XP level 12. HP: 80/97 MP: 16/19
 10357 | D:11     | Reached skill level 10 in Fighting
 10678 | D:11     | Killed Sonja
 10678 | D:11     | Reached skill level 8 in Shields
 10678 | D:11     | Reached skill level 10 in Invocations
 10997 | D:12     | Reached ****** piety under Lugonu
 11078 | D:12     | Noticed a fire dragon
 11078 | D:12     | Noticed a six-headed hydra
 11083 | D:12     | Banished a fire dragon
 11099 | D:12     | Killed a six-headed hydra
 11139 | D:12     | Got a bound jade ring
 11581 | Lair:1   | Entered Level 1 of the Lair of Beasts
 11736 | Lair:1   | Identified the ring of Ighioss {SustAt rF+ Str+4 Dex+2} (You took it off an orc on level 12 of the Dungeon)
 11871 | Lair:1   | Noticed an eight-headed hydra
 11882 | Lair:1   | Killed an eight-headed hydra
 12090 | Lair:1   | Reached XP level 13. HP: 104/104 MP: 21/21
 12511 | Lair:2   | Reached skill level 9 in Shields
 14181 | Lair:3   | Found a staircase to the Snake Pit.
 15940 | Lair:5   | Found a staircase to the Swamp.
 16148 | Lair:5   | Reached XP level 14. HP: 111/114 MP: 22/22
 16870 | Lair:5   | Reached skill level 5 in Dodging
 16949 | Lair:6   | Found a labyrinth entrance.
 16960 | Lab      | Entered a labyrinth
 17357 | Lab      | Got a steaming steel ring
 17400 | Lab      | Identified the ring of Itziudaj {Fire rElec rPois Int+4 Slay-5} (You took it off a minotaur in a labyrinth)
 18264 | Lair:7   | Noticed Snorg
 18282 | Lair:7   | Killed Snorg
 18894 | Lair:8   | Entered Level 8 of the Lair of Beasts
 18894 | Lair:8   | Noticed Rupert
 18917 | Lair:8   | Killed Rupert
 18917 | Lair:8   | Reached skill level 10 in Shields
 19016 | Lair:8   | Noticed a dire elephant
 19027 | Lair:8   | Killed a dire elephant
 19187 | Lair:8   | Reached XP level 15. HP: 122/122 MP: 23/23
 19395 | Lair:8   | Found a staircase to the Slime Pits.
 19828 | Lair:8   | Reached skill level 11 in Shields
 19957 | Lair:8   | Found a burning altar of Makhleb.
 20073 | Lair:8   | Found a gateway to Hell.
 20206 | Lair:8   | Reached skill level 10 in Armour
 20756 | D:12     | Found Zaluilaf's Magic Scroll Emporium.
 21295 | D:13     | Found a gate to the Vaults.
 21381 | D:13     | Found Hyodirus's Armour Emporium.
 21404 | D:13     | Bought the +15 Maxwell's patent armour {-Cast -Tele rElec MR+ rCorr} for 1611 gold pieces
 21471 | D:13     | Reached skill level 15 in Staves
 21811 | D:14     | Noticed Agnes
 21822 | D:14     | Killed Agnes
 21822 | D:14     | Reached XP level 16. HP: 131/131 MP: 24/24
 21859 | D:14     | Found Uhedghounk's Weapon Emporium.
 21902 | D:14     | Noticed a frost giant
 21925 | D:14     | Killed a frost giant
 21925 | D:14     | Reached skill level 12 in Shields
 22429 | D:15     | Entered Level 15 of the Dungeon
 22533 | D:15     | Gained mutation: You are clumsy. (Dex -2) [mutagenic meat]
 22816 | D:15     | Found a staircase to the Depths.
 23393 | Orc:1    | Entered Level 1 of the Orcish Mines
 23434 | Orc:1    | Found Seatoo's Antique Armour Emporium.
 23442 | Orc:1    | Bought a pair of glowing gloves for 148 gold pieces
 23600 | Orc:1    | Found Jonnoq's Magic Scroll Boutique.
 23900 | Orc:1    | Found Mecim's Weapon Shoppe.
 24258 | Orc:2    | Entered Level 2 of the Orcish Mines
 24323 | Orc:2    | Found a roughly hewn altar of Beogh.
 24543 | Orc:2    | Found Qergh's Antique Weapon Emporium.
 24543 | Orc:2    | Found Nirchazxo's Weapon Shop.
 24545 | Orc:2    | Found Ypuocoq's Antique Weapon Boutique.
 24547 | Orc:2    | Found Nimocwa's Assorted Antiques.
 24643 | Orc:2    | Found a staircase to the Elven Halls.
 24744 | Orc:2    | Found a roughly hewn altar of Beogh.
 24757 | Orc:2    | Reached XP level 17. HP: 113/140 MP: 25/25
 24771 | Orc:2    | Reached skill level 13 in Shields
 25029 | Orc:1    | Bought a scroll of brand weapon for 280 gold pieces
 25029 | Orc:1    | Bought a scroll of enchant armour for 105 gold pieces
 25056 | Elf:1    | Entered Level 1 of the Elven Halls
 25197 | Elf:1    | Noticed Azrael
 25245 | Elf:1    | Killed Azrael
 25443 | Elf:1    | Found Vuuleg's Assorted Antiques.
 25450 | Elf:1    | Bought a scroll of enchant weapon for 202 gold pieces
 25793 | Elf:1    | Identified the Volume of Intimidation
 25801 | Elf:1    | Learned a level 1 spell: Summon Butterflies
 26578 | Elf:2    | Reached skill level 15 in Fighting
 26676 | Elf:2    | Found a huge runed gate.
 26676 | Elf:2    | Found a huge runed gate.
 26676 | Elf:2    | Found a huge runed gate.
 26747 | Elf:2    | Reached skill level 10 in Dodging
 26965 | Elf:2    | Reached XP level 18. HP: 106/149 MP: 26/26
 27272 | Elf:3    | Entered Level 3 of the Elven Halls
 27293 | Elf:3    | Noticed Roxanne
 27318 | Elf:3    | Killed Roxanne
 27333 | Elf:3    | Found a frozen archway.
 27364 | IceCv    | Entered an ice cave
 27632 | IceCv    | Got a fine great sword
 27638 | IceCv    | Identified the +10 great sword of Iluigh {speed, rF+ Str+3} (You found it in an ice cave)
 27692 | IceCv    | Noticed Thrillho's ghost (novice GrFE)
 27710 | IceCv    | Killed Thrillho's ghost
 27903 | IceCv    | Reached skill level 14 in Shields
 28599 | Elf:3    | Noticed a Tzitzimitl
 28601 | Elf:3    | Noticed a Hell Sentinel
 28604 | Elf:3    | Corrupted Elf:3
 28604 | Elf:3    | Noticed a lich
 28604 | Elf:3    | Noticed a lich
 28611 | Elf:3    | Noticed a deep elf master archer
 28613 | Elf:3    | Noticed a deep elf master archer
 28616 | Elf:3    | Noticed a deep elf blademaster
 28619 | Elf:3    | Killed a deep elf master archer
 28621 | Elf:3    | Killed a deep elf master archer
 28648 | Elf:3    | Killed a deep elf blademaster
 28900 | Elf:3    | Identified the Papyrus of the Entourage and Displacement
 28904 | Elf:3    | Identified Sif Muna's Reference Book on Supportive Transmutation
 28962 | Elf:3    | Got a pair of ancient gloves
 28973 | Elf:3    | Identified the +1 pair of gloves of Inviolability {rPois Str+5} (You acquired it on level 3 of the Elven Halls)
 28999 | Elf:3    | Identified Sif Muna's Tome of Lightness
 29110 | Elf:3    | Got a clouded copper ring
 29112 | Elf:3    | Noticed a deep elf blademaster
 29134 | Elf:3    | Killed a deep elf blademaster
 29762 | Elf:2    | Noticed a deep elf blademaster
 29799 | Elf:2    | Killed a deep elf blademaster
 29799 | Elf:2    | Reached XP level 19. HP: 81/157 MP: 28/28
 29800 | Elf:2    | Cast into level 2 of the Abyss (hand axe of distortion)
 29963 | Abyss:2  | Reached skill level 15 in Shields
 30044 | Abyss:2  | Found a corrupted altar of Lugonu.
 30112 | Abyss:2  | Identified a +3 lajatang of distortion (a +1 lajatang of distortion corrupted by Lugonu)
 30112 | Abyss:2  | Received a gift from Lugonu
 30167 | Abyss:2  | Noticed a bone dragon
 30216 | Elf:2    | Escaped the Abyss
 31332 | D:12     | Bought a scroll of acquirement for 728 gold pieces
 31571 | Snake:1  | Entered Level 1 of the Snake Pit
 31778 | Snake:1  | Identified the ring "Utotuit" {+Blink rC+ Str-5 Int+3 Dex+4} (You found it on level 3 of the Elven Halls)
 31863 | Snake:1  | Found Vaofady's General Store.
 31896 | Snake:1  | Corrupted Snake:1
 31897 | Snake:1  | Gained mutation: You expend magic power (3 MP) to strengthen your wands. [a neqoxec]
 32572 | Snake:2  | Noticed Frances
 32591 | Snake:2  | Killed Frances
 32927 | Snake:2  | Reached skill level 16 in Shields
 33169 | Snake:2  | Noticed Norris
 33208 | Snake:2  | Killed Norris
 33208 | Snake:2  | Reached XP level 20. HP: 165/165 MP: 30/30
 33770 | Snake:3  | Noticed Aizul
 33787 | Snake:3  | Killed Aizul
 34047 | Snake:3  | Reached skill level 17 in Shields
 34525 | Snake:4  | Entered Level 4 of the Snake Pit
 34813 | Snake:4  | Noticed Asterion
 34834 | Snake:4  | Killed Asterion
 34981 | Snake:4  | Found Witzid's Magic Scroll Shoppe.
 35055 | Snake:4  | Bought a scroll of identify for 30 gold pieces
 35055 | Snake:4  | Bought a scroll of enchant weapon for 112 gold pieces
 35055 | Snake:4  | Bought a scroll of identify for 30 gold pieces
 35332 | Snake:4  | Reached skill level 15 in Armour
 35389 | Snake:4  | Reached skill level 18 in Shields
 35394 | Snake:4  | Reached XP level 21. HP: 168/173 MP: 31/31
 36056 | Snake:4  | Got a serpentine rune of Zot
 36333 | Swamp:1  | Entered Level 1 of the Swamp
 36882 | Swamp:1  | Found a shattered altar of Ashenzari.
 37065 | Swamp:2  | Noticed Jorgrun
 37088 | Swamp:2  | Killed Jorgrun
 37924 | Swamp:3  | Reached skill level 19 in Shields
 38346 | Swamp:4  | Entered Level 4 of the Swamp
 38420 | Swamp:4  | Noticed the 27-headed Lernaean hydra
 38446 | Swamp:3  | Killed the 27-headed Lernaean hydra
 38472 | Swamp:4  | Reached XP level 22. HP: 74/182 MP: 33/33
 38487 | Swamp:4  | Reached skill level 15 in Invocations
 38498 | Swamp:4  | Got a decaying rune of Zot
 39687 | Depths:1 | Entered Level 1 of the Depths
 40801 | Depths:2 | Got a shimmering granite ring
 40803 | Depths:2 | Identified the ring of Pride {rF+ rN+ Int+6 Dex-2 Stlth+} (You acquired it on level 2 of the Depths)
 41609 | Depths:3 | Found a one-way gate leading to the halls of Pandemonium.
 41990 | Depths:3 | Reached XP level 23. HP: 143/190 MP: 34/34
 42338 | Depths:3 | Reached skill level 20 in Shields
 43158 | Depths:4 | Found a one-way gate to the infinite horrors of the Abyss.
 43205 | Depths:4 | Drew Focus: Str increased to 20, Int decreased to 14
 43242 | Depths:4 | Noticed Saint Roka
 43266 | Depths:4 | Killed Saint Roka
 43642 | Depths:4 | Hired Obemifoh the merfolk for 309 gold.
 43645 | Depths:4 | Noticed Xtahua
 43657 | Depths:4 | Killed Xtahua
 43789 | Depths:4 | Your ally Obemifoh died
 43948 | Depths:5 | Entered Level 5 of the Depths
 43994 | Depths:5 | Noticed Jory
 44000 | Depths:5 | Noticed Margery
 44017 | Depths:5 | Killed Jory
 44036 | Depths:5 | Reached XP level 24. HP: 146/199 MP: 35/35
 44049 | Depths:5 | Killed Margery
 44149 | Depths:5 | Noticed Sojobo
 44220 | Depths:5 | Killed Sojobo
 44571 | Depths:5 | Found a portal to a secret trove of treasure.
 44628 | Depths:5 | Found a gateway to a ziggurat.
 44973 | Depths:5 | Found a gate to the Realm of Zot.
 45722 | D:4      | Bought a potion of heal wounds for 50 gold pieces
 45742 | D:4      | Bought a manual of Evocations for 1324 gold pieces
 46126 | Depths:5 | You paid a toll of a manual of Evocations to enter a treasure trove
 46127 | Trove    | Entered a treasure trove
 46132 | Trove    | Got a smoking cloak
 46149 | Trove    | Identified the +0 cloak "Retib" {Regen+ rCorr MP+9 Slay-5 Stlth+} (You found it in a treasure trove)
 46165 | Trove    | Got a pair of polished boots
 46176 | Trove    | Identified the +1 pair of boots "Utseschiu" {rCorr} (You found it in a treasure trove)
 46295 | Trove    | Got a pair of ancient boots
 46310 | Trove    | Identified the cursed -4 pair of boots of Watchfulness {rPois Slay+2} (You found it in a treasure trove)
 46572 | Vaults:1 | Entered Level 1 of the Vaults
 46656 | Vaults:1 | Found Archar's Weapon Emporium.
 47036 | Vaults:1 | Reached XP level 25. HP: 207/207 MP: 35/35
 47201 | Vaults:1 | Reached skill level 21 in Shields
 47311 | Vaults:1 | Reached skill level 15 in Dodging
 47970 | Vaults:2 | Found Irphac's Magic Scroll Boutique.
 47970 | Vaults:2 | Found Iqautaheuts's Magic Scroll Boutique.
 48027 | Vaults:2 | Found Pasoent's Distillery.
 48058 | Vaults:2 | Bought a potion of heal wounds for 80 gold pieces
 48318 | Vaults:2 | Found a staircase to the Crypt.
 50209 | Vaults:4 | Reached XP level 26. HP: 216/216 MP: 35/35
 50595 | Vaults:4 | Found Qoutex's Book Shoppe.
 50997 | Vaults:5 | Entered Level 5 of the Vaults
 51019 | Vaults:5 | Noticed Frederick
 51310 | Vaults:5 | Corrupted Vaults:5
 51322 | Vaults:5 | Killed Frederick
 51378 | Vaults:5 | Killed Mara
 51452 | Vaults:5 | Reached skill level 22 in Shields
 51620 | Vaults:5 | Reached XP level 27. HP: 125/224 MP: 36/36
 51676 | Vaults:5 | Noticed an ancient lich
 51714 | Vaults:5 | Killed an ancient lich
 51766 | Vaults:5 | Got an ebony morningstar {speed}
 51770 | Vaults:5 | Got a pitted halberd {speed}
 51770 | Vaults:5 | Got a pitted morningstar {freeze}
 51774 | Vaults:5 | Got an ancient turquoise ring
 51779 | Vaults:5 | Identified the +10 morningstar of Gaokalim {speed, *Corrode rPois SInv} (You took it off a deep elf high priest on level 5 of the Vaults)
 51780 | Vaults:5 | Identified the +5 morningstar of Mafybay {freeze, Str+5 Dex+2} (You took it off a vault warden on level 5 of the Vaults)
 51781 | Vaults:5 | Identified the +3 halberd of the Known World {speed, rElec rC+ Stlth+} (You took it off a deep elf mage on level 5 of the Vaults)
 52468 | Vaults:5 | Got a silver rune of Zot
 52975 | Slime:1  | Entered Level 1 of the Pits of Slime
 53176 | Slime:6  | Entered Level 6 of the Pits of Slime
 53395 | Slime:6  | Identified the ring of Hurruuse {rN+ MR- AC+5 Dex+5 Slay+4} (You took it off a vault sentinel on level 5 of the Vaults)
 53425 | Slime:6  | Noticed the Royal Jelly
 53753 | Slime:6  | Corrupted Slime:6
 54308 | Slime:6  | Found a viscous altar of Jiyva.
 54753 | Abyss:1  | Found a shadowy altar of Dithmenos.
 54951 | Abyss:1  | Gained mutation: [Your magical capacity is low (-10% MP).] [a cacodemon]
 55050 | Abyss:1  | Found a bloodstained altar of Trog.
 55390 | Abyss:2  | Found a sparkling altar of Nemelex Xobeh.
 55691 | Abyss:5  | Entered Level 5 of the Abyss
 56188 | Abyss:5  | Found a corrupted altar of Lugonu.
 56437 | Abyss:5  | Reached skill level 23 in Shields
 56463 | Abyss:5  | Found a corrupted altar of Lugonu.
 56495 | Abyss:5  | HP: 3/182 [spatial maelstrom (9)]
 56496 | Abyss:5  | Killed from afar by a smoke demon

Skill      XL: |  1  2  3  4  5  6  7  8  9 10 11 12 13 14 15 16 17 18 19 20 21 22 23 24 25 26 27 |
---------------+----------------------------------------------------------------------------------+-----
Dodging        | 1 2 4 6 8 9 10 11 12 13 14 15 16 17 | 17.0
Polearms       | 3 |  3.9
Fighting       | 4 5 6 7 8 9 10 11 12 13 14 15 16 17 18 19 20 21 | 21.2
Armour         | 3 4 5 6 7 9 10 11 12 13 14 15 16 17 18 19 20 | 20.1
Staves         | 1 2 4 5 7 9 10 12 13 14 15 16 17 18 19 20 21 | 21.4
Invocations    | 3 4 6 8 9 10 11 12 13 14 15 16 17 18 19 | 19.1
Shields        | 3 5 7 8 9 10 11 12 13 14 16 18 19 20 21 22 23 | 23.0

Action                   |  1- 3 |  4- 6 |  7- 9 | 10-12 | 13-15 | 16-18 | 19-21 | 22-24 | 25-27 || total
-------------------------+-------+-------+-------+-------+-------+-------+-------+-------+-------++-------
Melee: Spear             |   117 |   131 |       |       |       |       |       |       |       ||   248
       Quarterstaff      |       |    77 |   341 |   856 |  1590 |  2229 |  1862 |    68 |       ||  7023
       Kick              |       |       |    16 |   292 |   803 |   487 |       |       |       ||  1598
       Lajatang          |       |       |       |       |       |       |   391 |  1601 |  2454 ||  4446
Throw: Throwing net      |       |       |       |     1 |       |       |       |       |       ||     1
Invok: Depart the Abyss  |     1 |       |       |       |       |       |     1 |       |       ||     2
       Banish            |       |       |       |     1 |       |     2 |       |       |     3 ||     6
       Bend Space        |       |       |       |     1 |       |       |       |       |    10 ||    11
       Corrupt           |       |       |       |       |       |     1 |     1 |       |     2 ||     4
       Brand Weapon With |       |       |       |       |       |       |     1 |       |       ||     1
       Enter the Abyss   |       |       |       |       |       |       |       |       |     1 ||     1
 Abil: Dig               |       |       |     4 |    10 |    18 |    20 |    12 |    11 |     9 ||    84
Evoke: Deck              |       |       |       |       |       |       |     2 |    11 |     2 ||    15
       Box of beasts     |       |       |       |       |       |       |       |       |     1 ||     1
       Phial of floods   |       |       |       |       |       |       |       |       |     1 ||     1
  Use: Scroll            |     8 |     6 |     8 |     9 |    15 |    11 |    10 |    11 |    20 ||    98
       Potion            |       |     3 |     5 |     5 |     1 |     6 |     2 |     4 |    10 ||    36
 Stab: Sleeping          |       |     2 |       |       |       |       |       |       |       ||     2
       Paralysed         |       |       |     1 |       |       |       |       |       |       ||     1
       Held in net/web   |       |       |       |     2 |       |       |       |       |       ||     2
       Distracted        |       |       |       |       |       |       |     1 |     1 |       ||     2
       Invisible         |       |       |       |       |       |       |       |       |     1 ||     1
  Eat: Chunk             |     1 |     6 |    16 |    22 |    19 |    23 |    17 |    14 |    14 ||   132
       Beef jerky        |       |       |     1 |       |     2 |     2 |     4 |       |       ||     9
       Royal jelly       |       |       |     1 |       |     1 |       |     3 |     9 |     1 ||    15
       Pizza             |       |       |       |       |     4 |     1 |       |       |     1 ||     6
       Fruit             |       |       |       |       |     4 |     7 |     4 |     3 |     2 ||    20
       Meat ration       |       |       |       |       |       |       |       |       |     4 ||     4
Armor: Leather armour    |    23 |    23 |       |       |       |       |       |       |       ||    46
       Scale mail        |       |    25 |    48 |       |       |       |       |       |       ||    73
       Chain mail        |       |       |    74 |    56 |       |       |       |       |       ||   130
       Plate armour      |       |       |       |   297 |   325 |   445 |   390 |   495 |   391 ||  2343
       Crystal plate arm |       |       |       |       |    16 |       |       |       |       ||    16
       Gold dragon armou |       |       |       |       |       |       |       |       |   149 ||   149
Dodge: Dodged            |    40 |    95 |    94 |   141 |   405 |   587 |   899 |   722 |   980 ||  3963
Block: Other             |       |       |     7 |       |       |       |       |       |       ||     7
       Shield            |       |       |    39 |   462 |   811 |  1095 |   129 |       |       ||  2536
       Large shield      |       |       |       |       |       |       |  1798 |  1941 |  2838 ||  6577
       Reflection        |       |       |       |       |       |       |   121 |    60 |   126 ||   307
